 Dungeon Crawl Stone Soup version 0.30-a0-605-gb2882149bf (webtiles) character file.

Game seed: 17883404270002663567

395 themarg the Insei (level 6, 0/46 (47) HPs)
             Began as a Gnoll Transmuter on Jan 7, 2023.
             Was an Initiate of Gozag.
             Slain by an ice beast (12 damage)
             ... on level 4 of the Dungeon.
             The game lasted 00:10:05 (4371 turns).

themarg the Insei (Gnoll Transmuter)                Turns: 4371, Time: 00:10:05

HP:   0/46 (47)     AC:  2    Str:  9    XL:     6   Next: 82%
MP:   10/14         EV: 22    Int: 21    God:    Gozag
Gold: 210           SH:  0    Dex: 17    Spells: 10/16 levels left

rFire   . . .      SeeInvis .      - Unarmed
rCold   . . .      Faith    .    (shield currently unavailable)
rNeg    . . .      Spirit   .    (body armour currently unavailable)
rPois   .          Reflect  .    (helmet currently unavailable)
rElec   .          Harm     .    (cloak currently unavailable)
rCorr   .          Rampage  .    (gloves currently unavailable)
Will    .....                    (boots currently unavailable)
Stlth   ++                       (no amulet)
HPRegen 0.27/turn                o - ring of poison resistance
MPRegen 0.14/turn                y - +6 ring of intelligence

@: spider-form, wereblooded, lightly drained
A: venomous fangs, tiny, (fangs 1), strong nose, distributed training
a: End Transformation, Renounce Religion, Potion Petition, Call Merchant, Bribe
Branch


You were on level 4 of the Dungeon.
You worshipped Gozag.
Gozag was aware of your devotion.
You were a venomous arachnid creature.
You visited 2 branches of the dungeon, and saw 6 of its levels.

You collected 264 gold pieces.
You paid 54 gold pieces to Gozag.

Inventory:

Missiles
 c - 44 stones
 g - 11 poisoned darts
 k - 5 boomerangs
 p - 3 javelins
Armour
 a - a +0 robe (melded)
Jewellery
 l - a ring of protection from cold
 o - a ring of poison resistance (left front pincers)
 v - a ring of resist corrosion
 y - a +6 ring of intelligence (right front pincers)
Wands
 A - a wand of paralysis (20)
Scrolls
 b - 3 scrolls of magic mapping
 f - 3 scrolls of blinking
 h - 3 scrolls of teleportation
 j - 2 scrolls of enchant armour {unknown}
 m - a scroll of poison {unknown}
 n - a scroll of fog {unknown}
 q - a scroll of brand weapon {unknown}
 t - a scroll of noise {unknown}
 u - a scroll of silence {unknown}
 w - a scroll of vulnerability {unknown}
 x - a scroll of amnesia {unknown}
 C - a scroll of immolation {unknown}
Potions
 e - a potion of magic
 i - a potion of might
 s - a potion of mutation
 B - a potion of attraction {unknown}


   Skills:
 + Level 3.4 Fighting
 + Level 2.2 Short Blades
 + Level 2.2 Long Blades
 + Level 2.2 Axes
 + Level 2.2 Maces & Flails
 + Level 2.2 Polearms
 + Level 2.2 Staves
 + Level 2.2 Ranged Weapons
 + Level 2.2 Throwing
 + Level 2.2 Armour
 + Level 5.1 Dodging
 + Level 2.2 Stealth
 + Level 2.2 Shields
 + Level 6.9 Unarmed Combat
 + Level 5.5 Spellcasting
 + Level 1.8 Conjurations
 + Level 1.8 Hexes
 + Level 1.8 Summonings
 + Level 1.8 Necromancy
 + Level 1.8 Translocations
 + Level 4.2 Transmutations
 + Level 1.8 Fire Magic
 + Level 1.8 Ice Magic
 + Level 1.8 Air Magic
 + Level 1.8 Earth Magic
 + Level 1.8 Poison Magic
 + Level 2.4 Invocations
 + Level 2.2 Evocations


You had 10 spell levels left.
You knew the following spells:

 Your Spells              Type           Power      Damage    Failure   Level
a - Beastly Appendage     Tmut           46%        N/A       8%          1
b - Wereblood             Tmut           23%        N/A       10%         2
c - Spider Form           Tmut/Pois      18%        N/A       22%         3

Your spell library contained the following spells:

 Spells                   Type           Power      Damage    Failure   Level
 Cigotuvi's Dreadful Rot  Necr/Pois/Air  26%        N/A       21%         2
 Call Canine Familiar     Summ           13%        N/A       32%         3
 Portal Projectile        Hex/Tloc       26%        N/A       32%         3
 Tukima's Dance           Hex            13%        N/A       32%         3
 Ice Form                 Ice/Tmut       18%        N/A       52%         4
 Dispel Undead            Necr           13%        3d9       65%         4
 Leda's Liquefaction      Hex/Erth       6%         N/A       65%         4
 Blade Hands              Tmut           11%        N/A       67%         5
 Death Channel            Necr           6%         N/A       100%        6


Dungeon Overview and Level Annotations

Branches:
Dungeon (5/15)             Temple (1/1) D:4

Altars:
Ashenzari
Cheibriados
Dithmenos
Elyvilon
Fedhas
Gozag
Hepliaklqana
Kikubaaqudgha
Makhleb
Nemelex Xobeh
Okawaru
Qazlal
Ru
Sif Muna
Trog
Uskayaw
Vehumet
Wu Jian
Xom
Yredelemnul
Zin
The Shining One

Annotations:
D:5 Sigmund


Innate Abilities, Weirdness & Mutations

You are a venomous arachnid creature.
You have venomous fangs.
You are tiny and dextrous.
Your spellcasting is less reliable in this form.
Your armour is entirely melded.
You are incapable of wielding weapons or throwing items.
((You have very sharp teeth.))
Your uncanny sense of smell can sniff out nearby items.
Your experience applies equally to all skills.


Message History

Your transformation is almost over.
Magic restored.
There is a fountain of clear blue water here.
Your transformation has ended.
Your +0 robe unmelds from your body.
There is a stone staircase leading down here.
You climb downwards.
Level annotation: Sigmund
Found a stone staircase leading down.
There is a stone staircase leading up here.
You turn into a venomous arachnid creature.
Your +0 robe melds into your body.
Your blood is infused with primal strength.
You hit the ice beast but do no damage. The ice beast hits you.
The ice beast freezes you!
You hit the ice beast but do no damage. The ice beast hits you.
The ice beast freezes you!
You bite the wight!
The wight is heavily damaged.
The ice beast completely misses you. The wight hits you with a +0 hand axe.
You feel drained. The wight barely misses you.
You barely miss the wight.
The wight is heavily damaged.
The ice beast misses you. The wight closely misses you. The wight misses you.
The ice beast closely misses you. The wight misses you.
The wight completely misses you.
You climb upwards.
There is a stone staircase leading down here.
You hit the wight.
The wight is heavily damaged.
The ice beast barely misses you. The wight completely misses you.
You barely miss the wight.
The wight is heavily damaged.
You barely miss the wight.
The wight is heavily damaged.
The ice beast hits you.
* * * LOW HITPOINT WARNING * * *
The ice beast freezes you!
You die...
Your body crumbles into a pile of gold.

#######.............########.####
#######.............[....##..# #.
.....##.....................## #.
.....##...................### #.
.....##..................## #.
#######..................# #.
#............#.....# #.
#........z...#.....# #.
#.........s..#.....# #.
#..........Y.#.....# #.
#............#.....# ##
#............#.....# ######
#################### #.....
###.## #.## #.## #.##


You could see an ice beast and a wight.

Vanquished Creatures
  An ice beast (D:4)
  A scorpion (D:4)
  Terence (D:2)
  An orc wizard (D:4)
  A gnoll (D:1)
  9 adders
  3 worms
  4 dart slugs
  7 orcs
  7 ball pythons
  3 endoplasms
  A giant cockroach (D:1)
  7 goblins
  7 hobgoblins
  2 jackals (D:1)
  4 kobolds
  6 quokkas
  6 bats
  5 frilled lizards
  6 rats
82 creatures vanquished.

Notes
Turn   | Place    | Note
-------+----------+-------------------------------------------
     0 | D:1      | themarg the Gnoll Transmuter began the quest for the Orb.
     0 | D:1      | Reached XP level 1. HP: 17/17 MP: 6/6
    13 | D:1      | Found a faded altar of an unknown god.
    41 | D:1      | Reached XP level 2. HP: 19/23 MP: 7/7
    45 | D:1      | Learned a level 2 spell: Wereblood
   431 | D:1      | Reached skill level 5 in Spellcasting
   431 | D:1      | Reached XP level 3. HP: 21/28 MP: 6/9
   435 | D:1      | Learned a level 3 spell: Spider Form
   843 | D:1      | Reached skill level 1 in Invocations
  1024 | D:1      | Reached skill level 1 in Short Blades
  1024 | D:1      | Reached skill level 1 in Long Blades
  1024 | D:1      | Reached skill level 1 in Axes
  1024 | D:1      | Reached skill level 1 in Maces & Flails
  1024 | D:1      | Reached skill level 1 in Polearms
  1024 | D:1      | Reached skill level 1 in Staves
  1024 | D:1      | Reached skill level 1 in Ranged Weapons
  1024 | D:1      | Reached skill level 1 in Throwing
  1024 | D:1      | Reached skill level 1 in Armour
  1024 | D:1      | Reached skill level 1 in Stealth
  1024 | D:1      | Reached skill level 1 in Shields
  1024 | D:1      | Reached skill level 1 in Evocations
  1216 | D:2      | Noticed Terence
  1220 | D:2      | Killed Terence
  1221 | D:2      | Reached XP level 4. HP: 28/34 MP: 7/11
  1466 | D:2      | Reached skill level 1 in Conjurations
  1466 | D:2      | Reached skill level 1 in Hexes
  1466 | D:2      | Reached skill level 1 in Summonings
  1466 | D:2      | Reached skill level 1 in Necromancy
  1466 | D:2      | Reached skill level 1 in Translocations
  1466 | D:2      | Reached skill level 1 in Fire Magic
  1466 | D:2      | Reached skill level 1 in Ice Magic
  1466 | D:2      | Reached skill level 1 in Air Magic
  1466 | D:2      | Reached skill level 1 in Earth Magic
  1466 | D:2      | Reached skill level 1 in Poison Magic
  2229 | D:3      | Reached XP level 5. HP: 40/40 MP: 8/12
  2427 | D:3      | Found a snail-covered altar of Cheibriados.
  3034 | D:4      | Found a white marble altar of Elyvilon.
  3105 | D:4      | Reached XP level 6. HP: 47/47 MP: 10/14
  3321 | D:4      | Noticed an ice beast
  3337 | D:4      | Reached skill level 5 in Dodging
  3347 | D:4      | Killed an ice beast
  3518 | D:4      | Found a staircase to the Ecumenical Temple.
  3529 | Temple   | Entered the Ecumenical Temple
  3722 | Temple   | Became a worshipper of Gozag Ym Sagoz the Greedy
  4295 | D:5      | Entered Level 5 of the Dungeon
  4306 | D:5      | Noticed Sigmund
  4360 | D:5      | Noticed an ice beast
  4371 | D:4      | Slain by an ice beast

Illustrated notes

Levels and vault maps discovered:
D:1:      psy_arrival_whirlpool, layout_loops_corners,
          nicolae_ecumenical_snake_handling, minivault_11
D:2:      layout_basic, uniq_terence
D:3:      layout_basic, cheibriados_altar_1
D:4:      layout_basic, mainiacjoe_overflow_concentric_impassable,
          minmay_temple_entry_sparse_star
D:5:      dreamdust_elfheim, layout_cave_pools, uniq_sigmund
Temple:   nicolae_temple_slightly_damp_pantheon

Skill      XL: |  1  2  3  4  5  6 |
---------------+-------------------+-----
Spellcasting   | 5 |  5.5
Invocations    | 1 2 |  2.4
Short Blades   | 1 2 |  2.2
Long Blades    | 1 2 |  2.2
Axes           | 1 2 |  2.2
Maces & Flails | 1 2 |  2.2
Polearms       | 1 2 |  2.2
Staves         | 1 2 |  2.2
Ranged Weapons | 1 2 |  2.2
Throwing       | 1 2 |  2.2
Armour         | 1 2 |  2.2
Stealth        | 1 2 |  2.2
Shields        | 1 2 |  2.2
Evocations     | 1 2 |  2.2
Conjurations   | 1 |  1.8
Hexes          | 1 |  1.8
Summonings     | 1 |  1.8
Necromancy     | 1 |  1.8
Translocations | 1 |  1.8
Fire Magic     | 1 |  1.8
Ice Magic      | 1 |  1.8
Air Magic      | 1 |  1.8
Earth Magic    | 1 |  1.8
Poison Magic   | 1 |  1.8
Fighting       | 3 |  3.4
Transmutations | 4 |  4.2
Dodging        | 5 |  5.1
Unarmed Combat | |  6.9

Action                   |  1- 3 |  4- 6 || total
-------------------------+-------+-------++-------
Melee: Unarmed           |    79 |   136 ||   215
       Kick              |    10 |       ||    10
       Headbutt          |    11 |       ||    11
       Punch             |     2 |     1 ||     3
       Bite              |     5 |       ||     5
 Cast: Beastly Appendage |    18 |       ||    18
       Wereblood         |     1 |     3 ||     4
       Spider Form       |     2 |    35 ||    37
  Use: Potion            |     1 |     1 ||     2
       Scroll            |       |     8 ||     8
 Stab: Sleeping          |     1 |     2 ||     3
Armor: Skin              |    10 |     3 ||    13
       Robe              |    19 |       ||    19
Dodge: Dodged            |    66 |   107 ||   173

Table legend: (Time is in decaauts)
 A = Elapsed time spent in this place.
 B = Non-inter-level travel time spent in this place.
 C = Inter-level travel time spent in this place.
 D = Time resting spent in this place.
 E = Time spent auto-exploring this place.
 F = Levels seen in this place.
 G = Mean time per level.
                   A        B        C        D        E       F      G
               +--------+--------+--------+--------+--------+-----+--------+
         Total |   4342 |   4169 |    173 |      0 |   3459 |   6 |  723.7 |
       Dungeon |   4134 |   3999 |    135 |      0 |   3314 |   5 |  826.8 |
        Temple |    207 |    169 |     38 |      0 |    145 |   1 |  207.0 |
               +--------+--------+--------+--------+--------+-----+--------+

Top non-repeatable levels by time:
     D:1: 1203 daAuts
     D:4: 1161 daAuts
     D:2: 976 daAuts
     D:3: 767 daAuts
  Temple: 207 daAuts
     D:5: 25 daAuts
